 Dungeon Crawl Stone Soup version 0.21.1-1-g345015fe64 (webtiles) character file.

100 HessuHobo the Covered (level 5, -6/41 HPs)
             Began as a Human Fighter on May 23, 2018.
             Mangled by an orc
             ... wielding a +0 war axe
              (8 damage)
             ... on level 2 of the Dungeon.
             The game lasted 00:02:54 (1965 turns).

HessuHobo the Covered (Human Fighter)               Turns: 1965, Time: 00:02:55

Health: -6/41      AC:  8    Str: 17    XL:     5   Next: 3%
Magic:  5/5        EV:  7    Int:  8    God:
Gold:   50         SH:  9    Dex: 13    Spells: 4/4 levels left

rFire    . . .     SeeInvis .   a - +0 long sword
rCold    . . .     Gourm    .   c - +0 shield
rNeg     . . .     Faith    .   b - +1 scale mail
rPois    .         Spirit   .   (no helmet)
rElec    .         Reflect  .   (no cloak)
rCorr    .         Harm     .   (no gloves)
MR       .....                  (no boots)
Stlth    ..........             (no amulet)
HPRegen  0.13/turn              (no ring)
MPRegen  0.09/turn              (no ring)

@: lethally poisoned (-6 -> -11)
A: no striking features
a: no special abilities


You were on level 2 of the Dungeon.
You were not hungry.

You visited 1 branch of the dungeon, and saw 3 of its levels.

You collected 50 gold pieces.

Inventory:

Hand Weapons
 a - a +0 long sword (weapon)
Armour
 b - a +1 scale mail (worn)
 c - a +0 shield (worn)
Wands
 l - a wand of random effects (18)
 n - a wand of flame (33)
Scrolls
 h - 4 scrolls of identify
 j - 2 scrolls of magic mapping
Potions
 d - a potion of might
 e - a potion of heal wounds {unknown}
 g - 2 potions of curing {unknown}
 i - a potion of flight {unknown}
Comestibles
 f - 3 rations


   Skills:
 + Level 3.4 Fighting
 * Level 3.4 Long Blades
 * Level 3.7 Armour
 + Level 3.4 Shields


You had 4 spell levels left.
You didn't know any spells.

Dungeon Overview and Level Annotations

Branches:
Dungeon (3/15)

Altars:
Xom


Message History

You feel sick. You block the orc's attack.
The goblin hits you but does no damage. You block the orc's attack.
The orc hits you but does no damage. The orc hits you with a war axe.
* * * LOW HITPOINT WARNING * * *
The goblin hits you with a club.
* * * LOW HITPOINT WARNING * * *
The orc completely misses you. The orc closely misses you.
You barely miss the orc.
The orc is severely wounded.
You feel sick. The orc hits you with a hand axe.
* * * LOW HITPOINT WARNING * * *
The orc hits you with a war axe.
* * * LOW HITPOINT WARNING * * *
The orc completely misses you. The goblin closely misses you.
You riposte.
You closely miss the goblin. You block the orc's attack. x2
You hit the orc but do no damage.
* * * LOW HITPOINT WARNING * * *
You feel sick. The orc hits you but does no damage.
The goblin hits you but does no damage. The orc hits you with a war axe!
You die...

####### #.........#............
......# #.#######.#######.#####
#.###.# #.# #.......#.# #. #.#
#.#####.#############.#.####. #.#
#.......................#....
#.#########.############.####.###
#.........#.# #.#..#.#
#########<#.############.#..#.###
#####......#..o@g...............
#......)......ooo.#####.#<.#.#.#
#.###......)....................
#.# ########.##########.#......#
#.# #.............#.#.##...# #.#
#.##.########.#.####...# #.#
#.#.....)...#)#......... #.#
#.#########.#.#######.##
##.#######.#.........#.# #....[#


You could see 4 orcs and a goblin.

Vanquished Creatures
  2 adders (D:2)
  An ooze (D:1)
  4 dart slugs
  A leopard gecko (D:2)
  7 bats
  4 giant cockroaches
  10 goblins
  8 hobgoblins
  11 jackals
  A quokka (D:2)
  8 frilled lizards
  3 kobolds
  5 rats
65 creatures vanquished.

Notes
Turn   | Place    | Note
-------+----------+-------------------------------------------
     0 | D:1      | HessuHobo the Human Fighter began the quest for the Orb.
     0 | D:1      | Reached XP level 1. HP: 18/18 MP: 1/1
   220 | D:1      | Reached XP level 2. HP: 23/24 MP: 2/2
   563 | D:1      | Reached XP level 3. HP: 29/29 MP: 3/3
   871 | D:1      | Reached XP level 4. HP: 35/35 MP: 4/4
  1307 | D:2      | Found a shimmering altar of Xom.
  1788 | D:2      | Reached XP level 5. HP: 36/41 MP: 5/5
  1965 | D:2      | HP: 2/41 [poisoned by an orc]
  1965 | D:2      | Mangled by an orc

Skill      XL: |  1  2  3  4 |
---------------+-------------+-----
Long Blades    | 3 |  3.4
Fighting       | |  3.4
Armour         | |  3.7
Shields        | |  3.4

Action                   |  1- 3 |  4- 6 || total
-------------------------+-------+-------++-------
Melee: Long sword        |   127 |    92 ||   219
  Use: Scroll            |     3 |     5 ||     8
  Eat: Chunk             |       |     4 ||     4
Armor: Scale mail        |    92 |    71 ||   163
Dodge: Dodged            |    47 |    43 ||    90
Block: Shield            |    76 |    59 ||   135
       Rpst.: Long sword |    11 |    17 ||    28
